 Dungeon Sprint DCSS version 0.29-a0-356-g7bc237e783 (webtiles) character file.

Game seed: 9686401932267803929

4300000 Zeldest the Formicid Barricade (level 23, -14/219 HPs)
             Began as a Formicid Fighter on Apr 25, 2022.
             Was the Champion of Makhleb.
             Demolished by a large bag of meat
             ... wielding a +9 giant spiked club
              (58 damage)
             ... in the Dungeon (Sprint VIII: "Arena of Blood").
             The game lasted 00:02:23 (43 turns).

Zeldest the Formicid Barricade (Formicid Fighter)     Turns: 43, Time: 00:02:24

Health: -14/219    AC: 13    Str: 29    XL:     23   Next: 84%
Magic:  20/40      EV: 20    Int: 11    God:    Makhleb [******]
Gold:   0          SH: 10    Dex: 10    Spells: 47/47 levels left

rFire   . . .      SeeInvis +   h - +∞ Axe of Woe
rCold   . . .      Faith    .   c - +0 buckler
rNeg    . . .      Spirit   .   b - +0 scale mail
rPois   .          Reflect  .   (helmet unavailable)
rElec   .          Harm     .   (no cloak)
rCorr   .          Rampage  .   (no gloves)
Will    ++...                   (no boots)
Stlth   ++++++++..              (no amulet)
HPRegen 0.46/turn               i - +30 ring of slaying
MPRegen 0.27/turn               j - +30 ring of slaying

@: no status effects
A: permanent stasis, dig shafts and tunnels, antennae 3, four strong arms
a: Dig, Renounce Religion, Minor Destruction, Lesser Servant of Makhleb, Major
Destruction, Greater Servant of Makhleb


You were in the Dungeon.
You worshipped Makhleb.
Makhleb was exalted by your worship.
You visited 1 branch

Inventory:

Hand Weapons
 a - a +0 war axe
 h - the +∞ Axe of Woe (weapon)
   (You found it in the Dungeon)
Armour
 b - a +0 scale mail (worn)
 c - a +0 buckler (worn)
Jewellery
 i - a +30 ring of slaying (left hand)
 j - a +30 ring of slaying (right hand)
Potions
 d - a potion of might
 e - a potion of curing
 f - a potion of heal wounds
 g - 2 potions of magic


   Skills:
 O Level 27 Fighting
 + Level 13.0(15.2) Short Blades
 + Level 12.9(15.1) Long Blades
 O Level 27 Axes
 + Level 12.9 Staves
 + Level 14.0(16.4) Slings
 + Level 10.9 Bows
 + Level 12.9 Crossbows
 + Level 13.0(15.2) Throwing
 O Level 27 Armour
 O Level 27 Dodging
 O Level 27 Stealth
 O Level 27 Shields
 + Level 24.6 Unarmed Combat
 + Level 12.9 Spellcasting
 + Level 11.8 Conjurations
 + Level 15.2 Hexes
 + Level 12.6 Summonings
 + Level 12.9 Necromancy
 + Level 11.8 Translocations
 + Level 14.0 Transmutations
 + Level 13.1 Fire Magic
 + Level 12.9 Ice Magic
 + Level 11.1 Air Magic
 + Level 15.4 Earth Magic
 + Level 16.5 Poison Magic
 O Level 27 Invocations
 + Level 13.8 Evocations


You had 47 spell levels left.
You didn't know any spells.
Your spell library was empty.

Dungeon Overview and Level Annotations

Branches:
Dungeon (1/1)

Altars:
Makhleb


Innate Abilities, Weirdness & Mutations

You cannot be hasted, slowed, berserked, paralysed or teleported.
You can dig through walls and to a lower floor.
You have a pair of large antennae on your head. (SInv)
Your four strong arms can wield two-handed weapons with a shield.


Message History

Your Ice Magic skill increases to level 12!
Your Air Magic skill increases to level 11!
Your Earth Magic skill increases to level 15!
Your Poison Magic skill gained 2 levels and is now at level 16!
Your Evocations skill increases to level 13!
The destroyer attacks as you move away!
The destroyer hits you with a +9 vorpal great sword!!!
The destroyer bites you.
The destroyer draws strength from your injuries!
A destroyer, 3 bags of meat and a meat berserker come into view.
The destroyer is wielding a +9 vorpal great sword.
You hear a shout! x3
A meat berserker comes into view. It is wielding a +9 battleaxe.
The destroyer points at you and mumbles some strange words.
The destroyer blinks!
A destroyer comes into view. It is wielding a +9 vorpal great sword.
The destroyer is engulfed in blazing flames. x3
The destroyer gestures at you while chanting.
The destroyer blinks!
The destroyer is engulfed in blazing flames.
A meat berserker comes into view. It is wielding a +9 battleaxe.
The eight-headed meat hydra calls on the powers of darkness!
The eight-headed meat hydra convulses!
The bag of meat convulses!
The large bag of meat convulses!
Flame seeps out of the large bag of meat.
The bag of meat convulses! x2; The large bag of meat convulses!
Flame seeps out of the large bag of meat.
The bag of meat convulses!
The meat berserker convulses!
Your body is wracked with pain!
You hear a shout!
The large bag of meat is engulfed in blazing flames.
The bag of meat is engulfed in blazing flames. x2
The bag of meat hits you with a +9 war axe!
* * * LOW HITPOINT WARNING * * *
The bag of meat is engulfed in blazing flames. x2
The large bag of meat is engulfed in blazing flames.
The large bag of meat hits you with a +9 giant spiked club!!
* * * LOW HITPOINT WARNING * * *
The large bag of meat hits you with a +9 giant spiked club!!!
You die...

.###.. ...###.....
......###...........
....._.....V.....
#....)#.......# #.
#_.<)_#.........o.
..#...))#......#.#o#
..§..._))§○..V.......
......###☼)§)O....#.#.
.###.....§)###@§...oO.
{{#....V§ooOVVoOo.V..
#.....)o#oV○§...Vo.
......§§§oO§§§..o.OO
.........§§§.#...#oV
......§.....#..o.# .
.........§##.....#
....D.o.#.{..§.#oo
........#. .###...


You could see an eight-headed meat hydra, 9 destroyers, 3 large bags of meat, 4
meat berserkers and 16 bags of meat.

Vanquished Creatures
  A vampire knight (D)
  18 ogres (D)
  4 two-headed ogres (D)
  24 orcs (D)
47 creatures vanquished.

Notes
Turn   | Place    | Note
-------+----------+-------------------------------------------
     0 | D        | Found the +∞ Axe of Woe
     0 | D        | Zeldest the Formicid Fighter began the quest for the Orb.
     0 | D        | Reached XP level 1. HP: 18/18 MP: 1/1
     1 | D        | Noticed a bag of meat
     5 | D        | Killed a bag of meat
     5 | D        | Noticed a meat berserker
     6 | D        | Reached skill level 15 in Shields
     6 | D        | Reached XP level 2. HP: 43/43 MP: 2/2
     6 | D        | Reached XP level 3. HP: 49/49 MP: 3/3
     6 | D        | Reached XP level 4. HP: 56/56 MP: 4/4
     6 | D        | Reached XP level 5. HP: 62/62 MP: 5/5
     6 | D        | Reached XP level 6. HP: 69/69 MP: 6/6
     6 | D        | Reached XP level 7. HP: 75/75 MP: 7/7
     6 | D        | Reached XP level 8. HP: 82/82 MP: 8/8
     6 | D        | Reached XP level 9. HP: 88/88 MP: 9/9
     6 | D        | Reached XP level 10. HP: 95/95 MP: 10/10
     6 | D        | Reached XP level 11. HP: 101/101 MP: 11/11
     6 | D        | Killed a meat berserker
     6 | D        | Noticed a meat berserker
     7 | D        | Reached XP level 12. HP: 116/116 MP: 12/12
     7 | D        | Reached XP level 13. HP: 122/122 MP: 13/13
     7 | D        | Noticed a bag of meat
     7 | D        | Noticed a bag of meat
     8 | D        | Noticed a bag of meat
     8 | D        | Noticed a bag of meat
     9 | D        | Killed a bag of meat
     9 | D        | Noticed a bag of meat
    10 | D        | Noticed a meat berserker
    11 | D        | Became a worshipper of Makhleb the Destroyer
    11 | D        | Noticed a bag of meat
    11 | D        | Noticed a bag of meat
    11 | D        | Noticed a bag of meat
    12 | D        | Killed a bag of meat
    13 | D        | Reached XP level 14. HP: 107/135 MP: 14/14
    13 | D        | Noticed a meat berserker
    13 | D        | Killed a meat berserker
    13 | D        | Reached * piety under Makhleb
    14 | D        | Noticed a bag of meat
    14 | D        | Killed a bag of meat
    14 | D        | Killed a meat berserker
    15 | D        | Reached XP level 15. HP: 150/150 MP: 15/15
    15 | D        | Noticed a meat berserker
    16 | D        | Reached ** piety under Makhleb
    17 | D        | Reached XP level 16. HP: 149/160 MP: 15/22
    17 | D        | Killed a meat berserker
    17 | D        | Reached *** piety under Makhleb
    18 | D        | Reached skill level 27 in Shields
    18 | D        | Reached skill level 10 in Invocations
    19 | D        | Reached skill level 10 in Dodging
    19 | D        | Reached XP level 17. HP: 171/171 MP: 15/26
    20 | D        | Reached skill level 15 in Stealth
    20 | D        | Killed a meat berserker
    20 | D        | Reached **** piety under Makhleb
    21 | D        | Reached skill level 27 in Fighting
    21 | D        | Reached skill level 27 in Armour
    23 | D        | Reached XP level 18. HP: 182/182 MP: 15/30
    23 | D        | Noticed a meat berserker
    24 | D        | Noticed a large bag of meat
    25 | D        | Noticed a meat berserker
    25 | D        | Noticed a destroyer
    25 | D        | Noticed a meat berserker
    25 | D        | Noticed a meat berserker
    26 | D        | Noticed a large bag of meat
    27 | D        | Noticed a large bag of meat
    28 | D        | Noticed a meat berserker
    28 | D        | Noticed a large bag of meat
    28 | D        | Killed a destroyer
    28 | D        | Reached ***** piety under Makhleb
    28 | D        | Noticed a meat berserker
    29 | D        | Reached skill level 27 in Axes
    29 | D        | Killed a meat berserker
    29 | D        | Killed a meat berserker
    30 | D        | Reached skill level 27 in Stealth
    30 | D        | Reached XP level 19. HP: 189/189 MP: 17/35
    30 | D        | Noticed a meat berserker
    31 | D        | Killed a meat berserker
    32 | D        | Reached skill level 27 in Invocations
    32 | D        | Killed a meat berserker
    32 | D        | Noticed a meat berserker
    33 | D        | Reached XP level 20. HP: 197/197 MP: 17/37
    33 | D        | Killed a large bag of meat
    34 | D        | Reached skill level 27 in Dodging
    34 | D        | Noticed a destroyer
    34 | D        | Noticed a destroyer
    34 | D        | Noticed a large bag of meat
    34 | D        | Noticed a large bag of meat
    35 | D        | Killed a large bag of meat
    35 | D        | Reached ****** piety under Makhleb
    35 | D        | Killed a meat berserker
    35 | D        | Killed a meat berserker
    36 | D        | Reached skill level 5 in Bows
    36 | D        | Reached skill level 5 in Conjurations
    36 | D        | Reached skill level 5 in Translocations
    36 | D        | Reached skill level 5 in Air Magic
    36 | D        | Reached XP level 21. HP: 172/204 MP: 18/38
    36 | D        | Noticed a meat berserker
    36 | D        | Noticed a meat berserker
    36 | D        | Noticed a large bag of meat
    36 | D        | Noticed a meat berserker
    36 | D        | Noticed a meat berserker
    37 | D        | Noticed a meat berserker
    37 | D        | Noticed a destroyer
    38 | D        | Noticed a meat berserker
    38 | D        | Killed a meat berserker
    38 | D        | Killed a meat berserker
    39 | D        | Reached skill level 10 in Hexes
    39 | D        | Reached skill level 10 in Earth Magic
    39 | D        | Reached XP level 22. HP: 169/212 MP: 18/39
    39 | D        | Killed a large bag of meat
    39 | D        | Killed a meat berserker
    39 | D        | Noticed a destroyer
    40 | D        | Reached skill level 10 in Short Blades
    40 | D        | Reached skill level 10 in Long Blades
    40 | D        | Reached skill level 10 in Staves
    40 | D        | Reached skill level 10 in Crossbows
    40 | D        | Reached skill level 10 in Throwing
    40 | D        | Reached skill level 10 in Spellcasting
    40 | D        | Reached skill level 10 in Necromancy
    40 | D        | Reached skill level 10 in Fire Magic
    40 | D        | Reached skill level 10 in Ice Magic
    40 | D        | Reached skill level 10 in Evocations
    40 | D        | Noticed a large bag of meat
    40 | D        | Noticed a destroyer
    41 | D        | Killed a meat berserker
    41 | D        | Killed a meat berserker
    41 | D        | Killed a meat berserker
    41 | D        | Noticed an eight-headed meat hydra
    42 | D        | Reached skill level 10 in Conjurations
    42 | D        | Reached skill level 10 in Translocations
    42 | D        | Reached skill level 10 in Air Magic
    42 | D        | Reached XP level 23. HP: 219/219 MP: 19/40
    42 | D        | Noticed a destroyer
    42 | D        | Killed a large bag of meat
    42 | D        | Noticed a destroyer
    43 | D        | Reached skill level 10 in Bows
    43 | D        | Reached skill level 15 in Hexes
    43 | D        | Reached skill level 15 in Earth Magic
    43 | D        | Noticed a destroyer
    43 | D        | Noticed a destroyer
    43 | D        | Demolished by a large bag of meat

Illustrated notes

Levels and vault maps discovered:
D:        meatsprint

Skill      XL: |  1  2  3  4  5  6  7  8  9 10 11 12 13 14 15 16 17 18 19 20 21 22 23 |
---------------+----------------------------------------------------------------------+-----
Fighting       | 14 18 20 23 24 25 27 | 27.0
Axes           | 13 16 18 21 22 23 25 27 | 27.0
Armour         | 14 18 20 23 24 25 27 | 27.0
Shields        | 15 19 21 25 26 27 | 27.0
Dodging        | 6 10 13 20 26 27 | 27.0
Stealth        | 9 14 19 27 | 27.0
Invocations    | 8 13 17 25 27 | 27.0
Unarmed Combat | 22 23 24 | 24.6
Short Blades   | 6 8 11 13 | 13.0
Long Blades    | 6 8 11 12 | 12.9
Staves         | 6 8 11 12 | 12.9
Slings         | 6 9 12 14 | 14.0
Bows           | 5 7 9 10 | 10.9
Crossbows      | 6 8 11 12 | 12.9
Throwing       | 6 8 11 13 | 13.0
Spellcasting   | 6 8 11 12 | 12.9
Conjurations   | 5 8 10 11 | 11.8
Hexes          | 7 10 13 15 | 15.2
Summonings     | 6 8 11 12 | 12.6
Necromancy     | 6 8 11 12 | 12.9
Translocations | 5 8 10 11 | 11.8
Transmutations | 6 9 12 14 | 14.0
Fire Magic     | 6 8 11 13 | 13.1
Ice Magic      | 6 9 11 12 | 12.9
Air Magic      | 5 7 10 11 | 11.1
Earth Magic    | 7 10 14 15 | 15.4
Poison Magic   | 8 11 14 16 | 16.5
Evocations     | 6 9 12 13 | 13.8

Action                   |  1- 3 |  4- 6 |  7- 9 | 10-12 | 13-15 | 16-18 | 19-21 | 22-24 || total
-------------------------+-------+-------+-------+-------+-------+-------+-------+-------++-------
Melee: Executioner's axe |     1 |       |       |     1 |     5 |     8 |     5 |     3 ||    23
Invok: Greater Servant o |       |       |       |       |       |       |     1 |       ||     1
 Abil: Dig               |       |       |       |       |       |       |     1 |       ||     1
Dodge: Dodged            |       |       |       |       |       |       |     1 |       ||     1
Block: Buckler           |       |       |       |       |       |     1 |     2 |     1 ||     4

Table legend: (Time is in decaauts)
 A = Elapsed time spent in this place.
 B = Non-inter-level travel time spent in this place.
 C = Inter-level travel time spent in this place.
 D = Time resting spent in this place.
 E = Time spent auto-exploring this place.
 F = Levels seen in this place.
 G = Mean time per level.
                   A        B        C        D        E       F      G
               +--------+--------+--------+--------+--------+-----+--------+
         Total |     37 |     37 |      0 |      0 |      0 |   1 |   37.0 |
       Dungeon |     37 |     37 |      0 |      0 |      0 |   1 |   37.0 |
               +--------+--------+--------+--------+--------+-----+--------+

Top non-repeatable levels by time:
       D: 37 daAuts
